 Dungeon Crawl Stone Soup version 0.18.1-8-gdd0e5ea (webtiles) character file.

122 Shearov the Ruffian (level 4, 0/41 HPs)
             Began as a Minotaur Monk on June 1, 2016.
             Was an Initiate of Ru.
             Slain by a gnoll shaman
             ... wielding a +0 club
              (1 damage)
             ... on level 3 of the Dungeon.
             The game lasted 00:05:37 (1875 turns).

Shearov the Ruffian (Minotaur Monk)                 Turns: 1875, Time: 00:05:38

Health: 0/41       AC:  2    Str: 15    XL:     4   Next: 78%
Magic:  3/3        EV: 14    Int:  8    God:    Ru [......]
Gold:   138        SH:  0    Dex: 13    Spells: 0 memorised, 3 levels left

rFire  . . .     SeeInvis .       - Unarmed
rCold  . . .     Gourm    .     a - +0 robe
rNeg   . . .     Faith    .     (no shield)
rPois  .         Spirit   .     (helmet restricted)
rElec  .         Dismiss  .     (no cloak)
rCorr  .         Reflect  .     (no gloves)
SustAt .         Harm     .     (no boots)
MR     .....                    (no amulet)
Stlth  +.........               (no ring)
                                (no ring)

@: glowing, not resistant to hostile enchantments, very unstealthy
A: retaliatory headbutt, horns 2
a: Sacrifice Drink, Sacrifice Essence, Sacrifice an Eye, Reject Sacrifices,
Renounce Religion


You were on level 3 of the Dungeon.
You worshipped Ru.
Ru was noncommittal.
You were very hungry.

You visited 1 branch of the dungeon, and saw 3 of its levels.

You collected 138 gold pieces.

Inventory:

Armour
 a - a +0 robe (worn)
 j - a +0 robe
Scrolls
 c - 2 scrolls of identify {unknown}
 e - a scroll of remove curse {unknown}
Potions
 f - a potion of lignification {unknown}
 h - a potion of cancellation {unknown}
 k - a potion of berserk rage {unknown}
Comestibles
 b - 5 bread rations
 d - 3 fruits
 g - a beef jerky


   Skills:
 * Level 4.8 Fighting
 + Level 4.5 Dodging
 + Level 1.9 Stealth
 + Level 5.0 Unarmed Combat


You had 3 spell levels left.
You didn't know any spells.

Dungeon Overview and Level Annotations

Branches:
Dungeon (3/15)

Altars:
Ru


Innate Abilities, Weirdness & Mutations

You reflexively headbutt those who attack you in melee.
You have a pair of horns on your head.


Message History

You hear the sound of rushing water.
There is an entrance to a sewer on this level.
Hurry and find it before the portal rusts away!
You hear the brisk rusting of a very distant drain.
The gnoll shaman invokes the aid of its god against you.
You are outlined in light.
There is a stone staircase leading up, spattered with blood here.
The gnoll shaman hits you with a club.
You see here a whip of venom.
You closely miss the gnoll shaman. The gnoll shaman hits you with a club!
You barely miss the gnoll shaman. The gnoll shaman closely misses you.
You barely miss the gnoll shaman. The gnoll shaman hits you with a club!
* * * LOW HITPOINT WARNING * * *
You closely miss the gnoll shaman.
You hit the gnoll shaman but do no damage.
Your headbutt misses the gnoll shaman. Your punch misses the gnoll shaman.
The gnoll shaman hits you with a club.
* * * LOW HITPOINT WARNING * * *
You hit the gnoll shaman but do no damage.
The gnoll shaman hits you with a club.
You die...

##### ...
#.# ####)#
#..)<#
#.#@##
#..g.....#
#........#
#.########
... ...
... ...


You could see a gnoll shaman.

Vanquished Creatures
  2 adders (D:2)
  4 gnolls
  An ooze (D:1)
  3 worms (D:2)
  A dart slug (D:2)
  A giant gecko (D:2)
  5 giant cockroaches
  7 goblins
  6 hobgoblins
  2 jackals (D:2)
  8 kobolds
  A quokka (D:2)
  6 bats
  3 giant newts
  2 rats
52 creatures vanquished.

Notes
Turn   | Place    | Note
--------------------------------------------------------------
     0 | D:1      | Shearov the Minotaur Monk began the quest for the Orb.
     0 | D:1      | Reached XP level 1. HP: 19/19 MP: 0/0
   187 | D:1      | Reached XP level 2. HP: 17/27 MP: 1/1
   520 | D:1      | Reached XP level 3. HP: 32/33 MP: 2/2
   727 | D:2      | Found a sacrificial altar of Ru.
   737 | D:2      | Became a worshipper of Ru the Awakened
  1187 | D:2      | Reached XP level 4. HP: 32/41 MP: 3/3
  1198 | D:2      | Reached skill level 5 in Unarmed Combat
  1874 | D:3      | HP: 1/41 [gnoll shaman/club (4)]
  1875 | D:3      | Slain by a gnoll shaman

Skill      XL: |  1  2  3  4 |
---------------+-------------+-----
Fighting       | 4 |  4.8
Dodging        | 4 |  4.5
Unarmed Combat | 5 |  5.0
Stealth        | |  1.9

Action                   |  1- 3 |  4- 6 || total
-------------------------+-------+-------++-------
Melee: Unarmed           |    76 |    48 ||   124
       Headbutt          |     4 |    10 ||    14
       Punch             |     4 |       ||     4
 Stab: Sleeping          |     1 |     3 ||     4
  Eat: Chunk             |     1 |     1 ||     2
Armor: Robe              |    18 |     5 ||    23
Dodge: Dodged            |    75 |    28 ||   103
